 Dungeon Crawl Stone Soup version 0.29.0-4-gdea44cf6ec (webtiles) character file.

Game seed: 9804371011414528261

78 qw the Chopper (level 4, -4/26 HPs)
             Began as a Tengu Warper on Aug 28, 2022.
             Slain by a gnoll
             ... wielding a +0 spear
              (5 damage)
             ... on level 2 of the Dungeon.
             The game lasted 00:00:09 (1687 turns).

qw the Chopper (Tengu Warper)                       Turns: 1687, Time: 00:00:10

Health: -4/26      AC:  3    Str: 13    XL:     4   Next: 36%
Magic:  8/8        EV: 12    Int: 13    God:
Gold:   100        SH:  0    Dex: 14    Spells: 7/7 levels left

rFire   . . .      SeeInvis .   Y - +0 hand axe (elec)
rCold   . . .      Faith    .   (no shield)
rNeg    . . .      Spirit   .   b - +0 leather armour
rPois   .          Reflect  .   (helmet restricted)
rElec   .          Harm     .   (no cloak)
rCorr   .          Rampage  .   (no gloves)
Will    .....                   (boots unavailable)
Stlth   +.........              (no amulet)
HPRegen 0.08/turn               (no ring)
MPRegen 0.11/turn               (no ring)

@: about to teleport
A: beak, talons 3
a: no special abilities


You were on level 2 of the Dungeon.
You visited 1 branch of the dungeon, and saw 2 of its levels.

You collected 100 gold pieces.


Innate Abilities, Weirdness & Mutations

You have a beak for a mouth.
You have claws for feet.


   Skills:
 - Level 2.0 Fighting
 + Level 4.9 Axes
 - Level 1.0 Throwing
 - Level 1.1 Armour
 - Level 2.1 Dodging
 - Level 2.0 Spellcasting
 - Level 2.4 Translocations


You had 7 spell levels left.
You didn't know any spells.
Your spell library contained the following spells:

 Spells                   Type           Power      Damage    Failure   Level
 Blink                    Tloc           14%        N/A       19%         2
 Gell's Gravitas          Tloc           7%         N/A       36%         3
 Lesser Beckoning         Tloc           7%         N/A       36%         3
 Teleport Other           Tloc           7%         N/A       36%         3
 Manifold Assault         Tloc           7%         N/A       98%         5

Inventory:

Hand Weapons
 g - a +0 club
 Y - a +0 hand axe of electrocution (weapon)
Armour
 b - a +0 leather armour (worn)
Scrolls
 a - a scroll of identify
 e - a scroll of enchant armour
Potions
 c - a potion of magic {unknown}
 f - a potion of mutation {unknown}
 h - a potion of degeneration {unknown}
 i - a potion of curing {unknown}

Dungeon Overview and Level Annotations

Branches:
Dungeon (2/15)

Altars:


Message History

You see here a hobgoblin corpse.
A ball python comes into view.
Found a sling.
The ball python hisses angrily.
You hit the ball python.
You kill the ball python!
You now have 100 gold pieces (gained 8).
Found an escape hatch in the floor.
Found a short sword.
A gnoll comes into view. It is wielding a +0 flail.
You see here a scroll labelled UNOEPY WIC FAI.
The gnoll shouts!
You hear an angry hiss.
A frilled lizard comes into view.
A gnoll comes into view. It is wielding a +0 spear.
You hear a shout!
A gnoll comes into view. It is wielding a +0 whip.
The gnoll shouts! x2
Found 4 stones.
The gnoll barely misses you.
The gnoll hits you from afar with a +0 spear.
You hit the gnoll. Lightning courses through the gnoll!
Your peck misses the gnoll.
The gnoll is severely wounded.
You hit the frilled lizard.
Lightning courses through the frilled lizard!
You kill the frilled lizard!
The gnoll hits you with a +0 flail! The gnoll completely misses you.
You barely miss the gnoll. You claw the gnoll.
You kill the gnoll!
You barely miss the gnoll. The gnoll hits you with a +0 whip.
The gnoll hits you from afar with a +0 spear.
1686 ||| READING scroll of teleportation.
As you read the scroll of teleportation, it crumbles to dust.
You feel strangely unstable. The gnoll hits you with a +0 whip.
The gnoll barely misses you.
You hit the gnoll. Lightning courses through the gnoll!!
You kill the gnoll!
The gnoll hits you from afar with a +0 spear.
You die...

#. (..##
###.###....#
........8. #........
#......### #).g.....
#.>)..# #..@..#
#.....# #.....# ###
##...?# ##..
#..........####.)..#
#..#
#..................#
#...
#.........###.....##
##...
#...........#.....#
####....
#.........#.#.###.#
#....#..


You could see a gnoll.

Vanquished Creatures
  Robin (D:2)
  2 gnolls (D:2)
  An adder (D:2)
  2 dart slugs
  4 ball pythons
  An endoplasm (D:1)
  10 goblins
  6 hobgoblins
  2 jackals (D:2)
  3 kobolds (D:1)
  A quokka (D:1)
  2 bats (D:1)
  2 frilled lizards
  5 rats (D:1)
42 creatures vanquished.

Notes
Turn   | Place    | Note
-------+----------+-------------------------------------------
     0 | D:1      | qw the Tengu Warper began the quest for the Orb.
     0 | D:1      | Reached XP level 1. HP: 12/12 MP: 4/4
     0 | D:1      | 0 ||| qw: Version: 0.1-a-89-g26bdef1
     0 | D:1      | 0 ||| qw: Game counter: 1953
     0 | D:1      | 0 ||| qw: Always use a shield: true
     0 | D:1      | 0 ||| qw: God list: Okawaru
     0 | D:1      | 0 ||| qw: Allow faded altars: false
     0 | D:1      | 0 ||| qw: Do Orc after D:15 true
     0 | D:1      | 0 ||| qw: Do second Lair branch before Depths: true
     0 | D:1      | 0 ||| qw: Lair rune preference: random
     0 | D:1      | 0 ||| qw: Plans: Normal
     0 | D:1      | 0 ||| PLANNING D:1-11
    40 | D:1      | 40 ||| Stepping ~*~*~tactically~*~*~ (stealth).
   119 | D:1      | 119 ||| Stepping ~*~*~tactically~*~*~ (hiding).
   124 | D:1      | 124 ||| Stepping ~*~*~tactically~*~*~ (hiding).
   131 | D:1      | Reached skill level 3 in Axes
   131 | D:1      | Reached XP level 2. HP: 14/17 MP: 6/6
   555 | D:1      | 555 ||| Stepping ~*~*~tactically~*~*~ (stealth).
   557 | D:1      | 557 ||| Stepping ~*~*~tactically~*~*~ (stealth).
   559 | D:1      | 559 ||| Stepping ~*~*~tactically~*~*~ (stealth).
   564 | D:1      | 564 ||| Stepping ~*~*~tactically~*~*~ (stealth).
   568 | D:1      | 568 ||| Stepping ~*~*~tactically~*~*~ (stealth).
   899 | D:1      | Reached XP level 3. HP: 15/21 MP: 7/7
  1271 | D:1      | 1271 ||| READING 2 scrolls labelled TAIWNAMEPP.
  1272 | D:1      | 1272 ||| READING scroll labelled UTTIETHEULL.
  1273 | D:1      | 1273 ||| READING scroll labelled SIPTEY HI WAKH.
  1276 | D:1      | 1276 ||| READING scroll labelled DODOCHIEDOQ.
  1277 | D:1      | 1277 ||| READING scroll labelled ONLUFUU WAUH.
  1278 | D:1      | 1278 ||| DROPPING scroll of blinking.
  1327 | D:2      | Noticed Robin
  1328 | D:2      | 1328 ||| Stepping ~*~*~tactically~*~*~ (hiding).
  1338 | D:2      | Reached skill level 4 in Axes
  1342 | D:2      | Killed Robin
  1490 | D:2      | 1490 ||| Stepping ~*~*~tactically~*~*~ (stealth).
  1536 | D:2      | Reached XP level 4. HP: 19/26 MP: 8/8
  1685 | D:2      | HP: 5/26 [gnoll/+0 spear (6)]
  1686 | D:2      | 1686 ||| READING scroll of teleportation.
  1686 | D:2      | HP: 1/26 [gnoll/+0 whip (4)]
  1687 | D:2      | Slain by a gnoll

Levels and vault maps discovered:
D:1:      dpeg_arrival_fog, layout_basic
D:2:      layout_basic, hex_intersection, minmay_misc_feat_four_crosses,
          grunt_ministairs_2, uniq_robin

Skill      XL: |  1  2  3 |
---------------+----------+-----
Axes           | 3 4 |  4.9
Fighting       | |  2.0
Throwing       | |  1.0
Armour         | |  1.1
Dodging        | |  2.1
Spellcasting   | |  2.0
Translocations | |  2.4

Action                   |  1- 3 |  4- 6 || total
-------------------------+-------+-------++-------
Melee: Hand axe          |    74 |     7 ||    81
       Kick              |    17 |     1 ||    18
       Peck              |    10 |       ||    10
Throw: Boomerang         |     7 |       ||     7
  Use: Scroll            |     5 |     1 ||     6
Armor: Leather armour    |    13 |       ||    13
Dodge: Dodged            |    28 |     4 ||    32

Table legend:
 A = Non-vault XP
 B = Vault XP
 C = Vault XP percentage of total XP
 D = Non-vault monster count
 E = Vault monster count
 F = Vault count percentage of total count
                 A         B        C        D         E       F
            +---------+---------+-------+---------+---------+-------
      Total |      97 |      29 |  23.0 |      33 |       9 |  21.4
            +---------+---------+-------+---------+---------+-------
        D:1 |      39 |       0 |   0.0 |      22 |       0 |   0.0
        D:2 |      58 |      29 |  33.3 |      11 |       9 |  45.0
            +---------+---------+-------+---------+---------+-------
